General information
- name: BNet
- type: Ladder team game (AT/RT)
- host: Battle.net
- saver: MartialLaw
map: TwilightRuins
- players: 8
- length: 43:21
- speed: Fast
- version: 1.28 W3XP
- replay type: Public
» download(414 KB)
Players
team 1 (loser)
Rando1 (
blue | 43 APM | 732 actions | 16:53)
4 Mountain King
2 Storm Bolt
2 Bash
» actions
| Assign group hotkey | 17 | |
| Basic commands | 15 | |
| Build / train | 54 | |
| Enter build submenu | 36 | |
| Enter hero's abilities submenu | 4 | |
| Remove unit from queue | 1 | |
| Right click | 302 | |
| Select / deselect | 217 | |
| Select group hotkey | 20 | |
| Use ability | 66 | |
732 total
» units
| Peasant | 16 | |
| Footman | 7 | |
| Goblin Shredder | 1 | |
| Gryphon Rider | 3 | |
| Dragonhawk Rider | 4 | |
31 total
» upgrades
| Swords | 2 | |
| Armor | 1 | |
| Storm Hammers | 1 | |
| Animal War Training | 1 | |
| Masonry | 1 | |
6 total
» buildings
| Altar of Kings | 1 | |
| Farm | 11 | |
| Barracks | 1 | |
| Scout Tower | 9 | |
| Arcane Tower | 1 | |
| Town Hall | 1 | |
| Keep | 1 | |
| Arcane Vault | 2 | |
| Lumber Mill | 2 | |
| Blacksmith | 1 | |
| Guard Tower | 4 | |
| Castle | 1 | |
| Gryphon Aviary | 4 | |
39 total
» build order
00:08 Altar of Kings
00:13 Farm
00:16 Barracks
01:32 Farm
01:38 Farm
02:18 Farm
02:22 Farm
02:28 Scout Tower
02:59 Arcane Tower
03:07 Farm
04:36 Town Hall
04:46 Keep
04:50 Farm
05:22 Arcane Vault
05:28 Scout Tower
06:02 Scout Tower
06:33 Scout Tower
06:41 Lumber Mill
06:44 Blacksmith
07:48 Guard Tower
08:25 Castle
08:28 Gryphon Aviary
08:43 Gryphon Aviary
09:05 Guard Tower
09:12 Scout Tower
09:13 Scout Tower
09:14 Scout Tower
09:15 Scout Tower
09:16 Scout Tower
09:45 Guard Tower
09:54 Arcane Vault
10:02 Guard Tower
10:11 Gryphon Aviary
10:14 Gryphon Aviary
10:28 Farm
10:29 Farm
12:29 Lumber Mill
12:33 Farm
12:37 Farm
» items
MarKCed22 (
pink | 94 APM | 1578 actions | 16:47)
4 Archmage
2 Summon Water Elemental
2 Brilliance Aura
1 Mountain King
1 Storm Bolt
» actions
| Assign group hotkey | 22 | |
| Basic commands | 13 | |
| Build / train | 50 | |
| Enter build submenu | 19 | |
| Enter hero's abilities submenu | 5 | |
| Right click | 1032 | |
| Select / deselect | 219 | |
| Select group hotkey | 183 | |
| Use ability | 35 | |
1578 total
» units
| Peasant | 13 | |
| Footman | 7 | |
| Rifleman | 5 | |
| Mortar Team | 2 | |
| Siege Engine | 5 | |
32 total
» upgrades
| Swords | 1 | |
| Gunpowder | 1 | |
| Long Rifles | 1 | |
| Barrage | 1 | |
| Armor | 1 | |
5 total
» buildings
| Altar of Kings | 1 | |
| Farm | 10 | |
| Barracks | 1 | |
| Arcane Vault | 1 | |
| Blacksmith | 1 | |
| Lumber Mill | 1 | |
| Keep | 1 | |
| Workshop | 2 | |
| Castle | 1 | |
19 total
» build order
00:08 Altar of Kings
00:11 Farm
00:49 Barracks
00:54 Farm
01:56 Farm
02:00 Arcane Vault
02:48 Farm
03:12 Blacksmith
03:17 Lumber Mill
03:42 Farm
04:21 Farm
05:08 Keep
05:23 Farm
06:22 Farm
07:33 Workshop
08:59 Castle
09:03 Workshop
10:27 Farm
12:06 Farm
» items
| Scroll of Regeneration | 1 | |
| Lesser Clarity Potion | 1 | |
2 total
tsipaR (
green | 114 APM | 4939 actions | 43:20)
6 Archmage
3 Summon Water Elemental
2 Brilliance Aura
1 Mass Teleport
5 Pandaren Brewmaster
3 Breath of Fire
2 Drunken Haze
4 Paladin
2 Holy Light
2 Devotion Aura
1 Goblin Tinker
1 Pocket Factory
» actions
| Assign group hotkey | 95 | |
| Basic commands | 172 | |
| Build / train | 204 | |
| ESC pressed | 2 | |
| Enter build submenu | 69 | |
| Enter hero's abilities submenu | 16 | |
| Give item / drop item | 7 | |
| Right click | 1626 | |
| Select / deselect | 857 | |
| Select group hotkey | 1440 | |
| Use ability | 451 | |
4939 total
» units
| Peasant | 11 | |
| Footman | 4 | |
| Goblin Shredder | 1 | |
| Rifleman | 9 | |
| Mortar Team | 1 | |
| Dragonhawk Rider | 5 | |
| Priest | 6 | |
| Sorceress | 4 | |
| Spell Breaker | 3 | |
| Siege Engine | 2 | |
46 total
» upgrades
| Gunpowder | 3 | |
| Long Rifles | 1 | |
| Plating | 4 | |
| Masonry | 3 | |
| Animal War Training | 1 | |
| Storm Hammers | 1 | |
| Cloud | 1 | |
| Armor | 3 | |
| Fragmentation Shards | 1 | |
| Flare | 1 | |
| Lumber Harvesting | 1 | |
| Swords | 3 | |
| Priest Training | 2 | |
| Sorceress Training | 2 | |
| Barrage | 1 | |
| Control Magic | 1 | |
| Flak Cannons | 1 | |
| Magic Sentry | 1 | |
31 total
» buildings
| Altar of Kings | 1 | |
| Farm | 11 | |
| Barracks | 1 | |
| Arcane Vault | 1 | |
| Blacksmith | 1 | |
| Lumber Mill | 2 | |
| Keep | 2 | |
| Town Hall | 4 | |
| Castle | 2 | |
| Scout Tower | 38 | |
| Guard Tower | 23 | |
| Workshop | 3 | |
| Gryphon Aviary | 2 | |
| Arcane Tower | 7 | |
| Arcane Sanctum | 2 | |
| Cannon Tower | 3 | |
| Moon Well | 2 | |
105 total
» build order
00:54 Altar of Kings
01:03 Farm
01:05 Barracks
01:09 Farm
01:21 Farm
01:50 Arcane Vault
02:19 Blacksmith
02:26 Farm
02:52 Lumber Mill
03:21 Farm
03:47 Keep
03:47 Keep
04:11 Lumber Mill
04:54 Town Hall
07:08 Castle
07:09 Castle
08:16 Scout Tower
08:18 Scout Tower
08:21 Scout Tower
08:21 Scout Tower
08:22 Scout Tower
08:22 Scout Tower
08:56 Guard Tower
08:57 Guard Tower
09:04 Workshop
09:05 Workshop
09:50 Guard Tower
09:50 Guard Tower
09:50 Guard Tower
09:53 Scout Tower
09:54 Scout Tower
10:58 Workshop
11:04 Gryphon Aviary
11:05 Gryphon Aviary
11:43 Arcane Tower
11:43 Arcane Tower
11:45 Arcane Tower
11:52 Scout Tower
11:53 Scout Tower
11:54 Scout Tower
12:36 Guard Tower
12:36 Guard Tower
13:18 Guard Tower
13:18 Guard Tower
13:21 Farm
13:33 Farm
13:37 Arcane Sanctum
13:38 Arcane Sanctum
15:17 Scout Tower
15:18 Scout Tower
15:20 Scout Tower
15:57 Guard Tower
15:57 Guard Tower
17:50 Scout Tower
17:52 Scout Tower
17:53 Scout Tower
17:56 Scout Tower
18:01 Scout Tower
18:41 Guard Tower
18:42 Guard Tower
18:47 Scout Tower
18:50 Scout Tower
19:02 Farm
19:06 Farm
19:07 Farm
19:12 Farm
19:20 Scout Tower
19:20 Scout Tower
19:21 Scout Tower
19:23 Scout Tower
19:23 Scout Tower
19:33 Guard Tower
19:38 Scout Tower
19:42 Scout Tower
19:47 Scout Tower
20:11 Guard Tower
20:11 Guard Tower
20:27 Cannon Tower
20:27 Cannon Tower
20:27 Cannon Tower
28:10 Moon Well
28:12 Moon Well
32:52 Town Hall
37:41 Scout Tower
37:47 Town Hall
37:50 Scout Tower
37:51 Scout Tower
37:52 Scout Tower
37:53 Scout Tower
38:08 Guard Tower
38:08 Guard Tower
38:30 Arcane Tower
38:30 Guard Tower
38:31 Guard Tower
38:31 Guard Tower
41:15 Town Hall
41:17 Scout Tower
41:18 Scout Tower
41:20 Scout Tower
41:21 Scout Tower
42:19 Guard Tower
42:19 Guard Tower
42:23 Arcane Tower
42:23 Arcane Tower
42:23 Arcane Tower
» items
| Scroll of Regeneration | 9 | |
| Mechanical Critter | 9 | |
| Boots of Speed | 2 | |
| Periapt of Vitality | 2 | |
| Orb of Fire | 2 | |
| Pendant of Energy | 2 | |
| Replenishment Potion | 1 | |
| Potion of Invulnerability | 1 | |
| Staff of Sanctuary | 1 | |
| Scroll of Protection | 1 | |
| Scroll of Town Portal | 5 | |
| Potion of Healing | 4 | |
| Potion of Lesser Invulnerability | 3 | |
| Lesser Clarity Potion | 3 | |
| Ring of Regeneration | 2 | |
| Talisman of Evasion | 1 | |
48 total

»
brolly52 (
yellow | 41 APM | 684 actions | 16:52)
3 Keeper of the Grove
2 Force of Nature
1 Entangling Roots
1 Goblin Tinker
1 Engineering Upgrade
» actions
| Assign group hotkey | 29 | |
| Basic commands | 1 | |
| Build / train | 46 | |
| ESC pressed | 4 | |
| Enter build submenu | 13 | |
| Enter hero's abilities submenu | 6 | |
| Give item / drop item | 2 | |
| Remove unit from queue | 3 | |
| Right click | 267 | |
| Select / deselect | 163 | |
| Select group hotkey | 122 | |
| Use ability | 27 | |
684 total
» units
| Wisp | 13 | |
| Archer | 5 | |
| Huntress | 2 | |
| Dryad | 1 | |
| Druid of the Claw | 3 | |
24 total
» upgrades
| Strength of the Wild | 3 | |
| Reinforced Hides | 2 | |
| Druid of the Claw Training | 2 | |
| Abolish Magic | 1 | |
8 total
» buildings
| Altar of Elders | 1 | |
| Ancient of War | 1 | |
| Moon Well | 7 | |
| Hunter's Hall | 1 | |
| Tree of Ages | 1 | |
| Ancient of Lore | 3 | |
| Tree of Eternity | 1 | |
15 total
» build order
00:07 Altar of Elders
00:10 Ancient of War
00:12 Moon Well
03:19 Moon Well
04:16 Moon Well
04:21 Hunter's Hall
05:18 Moon Well
05:29 Tree of Ages
08:16 Moon Well
08:18 Ancient of Lore
08:19 Ancient of Lore
09:23 Tree of Eternity
13:20 Ancient of Lore
14:50 Moon Well
14:52 Moon Well
» items
| Claws of Attack +6 | 1 | |
| Mantle of Intelligence +3 | 1 | |
| Scroll of Town Portal | 1 | |
3 total
team 2 (winner)

»
crybaby (
red | 56 APM | 2086 actions | 37:10)
6 Tauren Chieftain
2 War Stomp
3 Endurance Aura
1 Reincarnation
4 Shadow Hunter
2 Hex
2 Healing Wave
» actions
| Basic commands | 93 | |
| Build / train | 95 | |
| Enter build submenu | 44 | |
| Enter hero's abilities submenu | 11 | |
| Give item / drop item | 2 | |
| Right click | 970 | |
| Select / deselect | 724 | |
| Use ability | 147 | |
2086 total
» units
| Peon | 11 | |
| Grunt | 6 | |
| Goblin Shredder | 1 | |
| Shaman | 3 | |
| Troll Witch Doctor | 6 | |
| Tauren | 5 | |
| Wind Rider | 5 | |
37 total
» upgrades
| Pillage | 1 | |
| Spiked Barricades | 3 | |
| Armor | 3 | |
| Melee Weapons | 3 | |
| Shaman Training | 2 | |
| Witch Doctor Training | 2 | |
| Pulverize | 1 | |
| Reinforced Defenses | 1 | |
| Ranged Weapons | 3 | |
| Envenomed Spears | 1 | |
20 total
» buildings
| Orc Burrow | 7 | |
| Altar of Storms | 1 | |
| Barracks | 1 | |
| Voodoo Lounge | 1 | |
| War Mill | 1 | |
| Stronghold | 2 | |
| Great Hall | 6 | |
| Fortress | 1 | |
| Spirit Lodge | 2 | |
| Watch Tower | 18 | |
| Tauren Totem | 2 | |
| Beastiary | 2 | |
44 total
» build order
00:51 Orc Burrow
00:53 Altar of Storms
01:17 Barracks
02:07 Orc Burrow
02:16 Voodoo Lounge
02:50 War Mill
03:22 Orc Burrow
04:27 Stronghold
04:28 Stronghold
05:31 Great Hall
05:44 Great Hall
06:52 Fortress
07:37 Spirit Lodge
08:09 Orc Burrow
10:12 Spirit Lodge
10:17 Watch Tower
10:19 Watch Tower
12:07 Tauren Totem
12:29 Tauren Totem
13:23 Orc Burrow
13:51 Orc Burrow
14:21 Watch Tower
14:48 Watch Tower
15:34 Watch Tower
16:08 Orc Burrow
18:41 Great Hall
18:43 Watch Tower
19:54 Watch Tower
20:52 Watch Tower
22:29 Beastiary
22:31 Beastiary
22:52 Great Hall
28:32 Watch Tower
28:33 Watch Tower
28:34 Watch Tower
28:35 Watch Tower
28:36 Watch Tower
28:39 Watch Tower
29:38 Great Hall
29:58 Watch Tower
29:58 Watch Tower
29:58 Watch Tower
30:00 Watch Tower
31:24 Great Hall
» items
| Healing Salve | 2 | |
| Lesser Clarity Potion | 6 | |
| Orb of Lightning | 1 | |
| Scroll of Town Portal | 7 | |
| Potion of Healing | 3 | |
| Circlet of Nobility | 1 | |
| Potion of Lesser Invulnerability | 3 | |
23 total
aServantOfJesus (
teal | 85 APM | 3064 actions | 36:05)
5 Dark Ranger
3 Black Arrow
2 Silence
4 Firelord
2 Incinerate
2 Soul Burn
3 Naga Sea Witch
2 Frost Arrows
1 Forked Lightning
» actions
| Assign group hotkey | 400 | |
| Basic commands | 252 | |
| Build / train | 91 | |
| ESC pressed | 6 | |
| Enter build submenu | 27 | |
| Enter hero's abilities submenu | 12 | |
| Give item / drop item | 8 | |
| Right click | 907 | |
| Select / deselect | 338 | |
| Select group hotkey | 892 | |
| Use ability | 131 | |
3064 total
» units
| Acolyte | 10 | |
| Ghoul | 2 | |
| Crypt Fiend | 3 | |
| Goblin Shredder | 3 | |
| Obsidian Statue | 2 | |
| Frost Wyrm | 14 | |
| Goblin Zeppelin | 1 | |
35 total
» upgrades
| Web | 2 | |
| Creature Attack | 3 | |
| Creature Carapace | 3 | |
8 total
» buildings
| Graveyard | 1 | |
| Crypt | 1 | |
| Ziggurat | 12 | |
| Altar of Darkness | 1 | |
| Tomb of Relics | 3 | |
| Halls of the Dead | 4 | |
| Necropolis | 1 | |
| Black Citadel | 1 | |
| Slaughterhouse | 1 | |
| Sacrificial Pit | 1 | |
| Spirit Tower | 4 | |
| Boneyard | 2 | |
32 total
» build order
00:18 Graveyard
00:21 Crypt
00:37 Ziggurat
00:39 Ziggurat
00:56 Altar of Darkness
01:44 Tomb of Relics
02:02 Ziggurat
03:37 Ziggurat
04:42 Halls of the Dead
04:42 Halls of the Dead
04:42 Halls of the Dead
05:43 Tomb of Relics
05:46 Ziggurat
05:55 Tomb of Relics
06:04 Ziggurat
06:11 Ziggurat
06:19 Ziggurat
06:46 Necropolis
07:03 Black Citadel
07:14 Slaughterhouse
07:18 Sacrificial Pit
07:37 Spirit Tower
07:38 Spirit Tower
07:39 Spirit Tower
07:39 Spirit Tower
09:32 Boneyard
09:32 Boneyard
10:07 Ziggurat
33:35 Ziggurat
33:36 Ziggurat
33:36 Ziggurat
» items
| Rod of Necromancy | 1 | |
| Sacrificial Skull | 2 | |
| Boots of Speed | 3 | |
| Potion of Lesser Invulnerability | 3 | |
| Orb of Corruption | 1 | |
| Scroll of Town Portal | 6 | |
| Potion of Mana | 1 | |
| Circlet of Nobility | 3 | |
| Staff of Teleportation | 2 | |
22 total
SverrirHolm (
orange | 61 APM | 2650 actions | 43:20)
6 Demon Hunter
2 Immolation
3 Evasion
1 Metamorphosis
3 Priestess of the Moon
2 Trueshot Aura
1 Searing Arrows
» actions
| Assign group hotkey | 108 | |
| Basic commands | 60 | |
| Build / train | 95 | |
| Enter build submenu | 28 | |
| Enter hero's abilities submenu | 9 | |
| Give item / drop item | 4 | |
| Remove unit from queue | 1 | |
| Right click | 607 | |
| Select / deselect | 833 | |
| Select group hotkey | 802 | |
| Use ability | 103 | |
2650 total
» units
| Wisp | 18 | |
| Archer | 18 | |
| Hippogryph | 17 | |
| Goblin Shredder | 1 | |
| Chimaera | 2 | |
56 total
» upgrades
| Strength of the Moon | 3 | |
| Moon Armor | 2 | |
| Ultravision | 1 | |
| Improved Bows | 1 | |
| Hippogryph Taming | 1 | |
| Strength of the Wild | 3 | |
| Nature's Blessing | 1 | |
| Reinforced Hides | 1 | |
| Well Spring | 1 | |
| Corrosive Breath | 1 | |
15 total
» buildings
| Moon Well | 11 | |
| Ancient of War | 2 | |
| Altar of Elders | 1 | |
| Ancient of Wonders | 1 | |
| Tree of Ages | 1 | |
| Tree of Life | 3 | |
| Hunter's Hall | 1 | |
| Ancient of Wind | 2 | |
| Tree of Eternity | 1 | |
| Chimaera Roost | 2 | |
| Ancient Protector | 1 | |
26 total
» build order
00:11 Moon Well
00:25 Ancient of War
00:35 Altar of Elders
01:34 Ancient of Wonders
02:01 Moon Well
02:26 Ancient of War
03:01 Moon Well
04:13 Moon Well
05:13 Moon Well
05:50 Tree of Ages
06:30 Tree of Life
06:56 Hunter's Hall
08:12 Ancient of Wind
08:17 Ancient of Wind
10:33 Tree of Eternity
11:52 Moon Well
12:00 Moon Well
12:57 Moon Well
14:47 Moon Well
16:06 Moon Well
17:02 Moon Well
19:00 Chimaera Roost
19:05 Chimaera Roost
20:32 Tree of Life
21:04 Ancient Protector
27:07 Tree of Life
» items
| Dust of Appearance | 1 | |
| Moonstone | 1 | |
| Cloak of Shadows | 1 | |
| Sentry Wards | 1 | |
| Scroll of Town Portal | 2 | |
| Scroll of Regeneration | 1 | |
| Orb of Venom | 1 | |
| Potion of Invulnerability | 1 | |
| Replenishment Potion | 1 | |
10 total
MartialLaw (
purple | 64 APM | 2787 actions | 43:21)
6 Archmage
3 Summon Water Elemental
2 Brilliance Aura
1 Mass Teleport
» actions
| Assign group hotkey | 67 | |
| Basic commands | 357 | |
| Build / train | 111 | |
| Enter build submenu | 71 | |
| Enter hero's abilities submenu | 6 | |
| Give item / drop item | 6 | |
| Right click | 962 | |
| Select / deselect | 511 | |
| Select group hotkey | 494 | |
| Use ability | 202 | |
2787 total
» units
| Peasant | 22 | |
| Footman | 4 | |
| Goblin Shredder | 2 | |
| Gryphon Rider | 14 | |
| Goblin Sapper | 9 | |
| Goblin Zeppelin | 2 | |
53 total
» upgrades
| Storm Hammers | 1 | |
| Masonry | 3 | |
| Swords | 3 | |
| Armor | 4 | |
| Cloud | 1 | |
12 total
» buildings
| Altar of Kings | 1 | |
| Barracks | 1 | |
| Farm | 18 | |
| Lumber Mill | 1 | |
| Keep | 1 | |
| Arcane Vault | 2 | |
| Town Hall | 2 | |
| Scout Tower | 52 | |
| Castle | 1 | |
| Guard Tower | 9 | |
| Gryphon Aviary | 4 | |
| Blacksmith | 2 | |
94 total
» build order
00:48 Altar of Kings
00:49 Barracks
00:52 Farm
00:53 Farm
00:55 Farm
00:56 Farm
01:05 Farm
01:36 Farm
03:02 Lumber Mill
03:33 Keep
03:52 Arcane Vault
04:18 Town Hall
06:07 Scout Tower
06:09 Scout Tower
06:12 Scout Tower
06:14 Scout Tower
06:17 Scout Tower
06:48 Castle
06:53 Guard Tower
07:25 Gryphon Aviary
07:25 Gryphon Aviary
07:26 Gryphon Aviary
07:27 Gryphon Aviary
08:16 Blacksmith
08:19 Blacksmith
08:22 Farm
11:22 Scout Tower
11:23 Scout Tower
11:23 Scout Tower
11:23 Scout Tower
11:24 Scout Tower
11:26 Scout Tower
11:26 Scout Tower
12:15 Farm
12:15 Farm
12:16 Farm
12:19 Farm
12:19 Farm
12:21 Farm
12:24 Farm
12:24 Farm
12:25 Farm
12:25 Farm
12:25 Farm
12:27 Guard Tower
14:52 Scout Tower
14:53 Scout Tower
14:54 Scout Tower
14:55 Scout Tower
14:55 Scout Tower
14:56 Scout Tower
14:57 Scout Tower
14:58 Scout Tower
14:58 Scout Tower
14:59 Scout Tower
15:00 Scout Tower
17:12 Guard Tower
17:19 Scout Tower
17:20 Scout Tower
17:20 Scout Tower
17:20 Scout Tower
17:21 Scout Tower
17:54 Scout Tower
17:54 Scout Tower
17:55 Scout Tower
17:56 Scout Tower
17:59 Scout Tower
18:00 Scout Tower
18:00 Scout Tower
18:01 Scout Tower
18:03 Scout Tower
18:04 Scout Tower
18:05 Scout Tower
18:05 Scout Tower
18:47 Town Hall
19:09 Scout Tower
19:10 Scout Tower
19:10 Scout Tower
19:10 Scout Tower
19:11 Scout Tower
19:12 Scout Tower
19:12 Scout Tower
19:12 Scout Tower
19:13 Scout Tower
19:14 Scout Tower
19:15 Scout Tower
19:16 Scout Tower
19:19 Arcane Vault
19:50 Guard Tower
19:59 Guard Tower
20:43 Guard Tower
20:45 Guard Tower
23:15 Guard Tower
23:18 Guard Tower
» items
| Scroll of Regeneration | 6 | |
| Mechanical Critter | 3 | |
| Scroll of Town Portal | 6 | |
| Staff of Sanctuary | 1 | |
| Periapt of Vitality | 3 | |
| Potion of Lesser Invulnerability | 2 | |
| Scroll of Protection | 1 | |
| Staff of Teleportation | 2 | |
| Potion of Healing | 3 | |
| Scroll of Healing | 1 | |
28 total
Chat log
(06:08 / All) Rando1: IM SCARED
(06:12 / All) Rando1: ITS NOT SUPPOSED TO BE NIGHT TIME
(06:28 / All) MartialLaw: A wizard is afoot...
(06:33 / All) tsipaR: artificial noob elf night
(11:01 / All) MartialLaw: this fucjuing path finding is so bad
(14:36 / All) MartialLaw: hope you liked that creep camp, scumbag!
(14:43 / All) MartialLaw: you broke the law now you pay!
(16:38 / All) Rando1: GREAT silence
(16:39 / All) Rando1: honestly
(17:01 / All) aServantOfJesus: ggwp
(20:36 / Allies) MartialLaw: lumber?
(21:39 / Allies) aServantOfJesus: lol
(22:41 / Allies) aServantOfJesus: but i gave u lumber !!
(22:56 / Allies) MartialLaw: Your own mistake!
(23:00 / Allies) aServantOfJesus: lol
(23:36 / Allies) aServantOfJesus: shit lvl 6 too
(23:54 / All) MartialLaw: I HAVE DECLARED MARTIAL LAW
(24:01 / All) aServantOfJesus: epic tk ganme
(24:07 / All) MartialLaw: MY FORMER ALLIES ARE ALL LAWBREAKERS
(24:16 / All) aServantOfJesus: maximum penalty
(24:21 / All) MartialLaw: WHICH IS DEATH
(24:53 / All) aServantOfJesus: thank god i got boots
(25:14 / Allies) MartialLaw: It will not avail you
(25:45 / All) aServantOfJesus: lol
(29:21 / Allies) aServantOfJesus: \red
(29:22 / Allies) aServantOfJesus: RED
(29:24 / Allies) aServantOfJesus: FIGHT HIM WITH ME
(29:50 / Allies) aServantOfJesus: RED
(29:52 / Allies) aServantOfJesus: hit him with me
(29:53 / Allies) aServantOfJesus: go
(30:50 / Allies) aServantOfJesus: am
(30:50 / Allies) aServantOfJesus: am
(32:01 / Allies) aServantOfJesus: owned fag
(32:02 / Allies) aServantOfJesus: :D
(32:18 / Allies) SverrirHolm: hummm thanks for the help guys
(32:23 / Allies) aServantOfJesus: bro
(32:25 / Allies) aServantOfJesus: u are clueless
(32:55 / Allies) aServantOfJesus: ty
(35:25 / Allies) MartialLaw: owned fag
(35:28 / Allies) aServantOfJesus: hehe n1
(35:30 / Allies) aServantOfJesus: wasnt looking
(35:33 / All) tsipaR: GG
(36:05 / Allies) MartialLaw: owned fag
(37:30 / All) MartialLaw: orange is doing my work for me
(37:37 / All) tsipaR: GOOD BOY ORANGE
(37:57 / All) MartialLaw: Ended up being a lot closer than I anticipated
(38:04 / All) tsipaR: my allies sucked ass
(38:09 / All) MartialLaw: red got a lot of wyvs
(39:42 / All) MartialLaw: thanks for the assist orange
(41:29 / All) tsipaR: I hate games when on team all ragequits early
(41:43 / All) MartialLaw: pink didn't even try to defend his base from me lol
(41:58 / All) tsipaR: he seemed like a mega noob
(42:02 / All) MartialLaw: when and got a couple sappersa fter killing all his peasants then halled him
(42:06 / All) tsipaR: he'd lose tons of units creeping
(42:11 / All) tsipaR: tossing them into the meat grinder, no micro
(43:03 / All) MartialLaw: teal spent all his fortune on items to keep his heroes alive lol
(43:15 / All) MartialLaw: gonna end it